 Dungeon Crawl Stone Soup version 0.29.1-4-g47bece8355 (webtiles) character file.

Game seed: 18233405035927932430

1603 sanboga the Ruffian (level 8, -2/64 HPs)
             Began as a Demonspawn Berserker on Dec 2, 2022.
             Was a Priest of Trog.
             Slain by an orc warrior
             ... wielding a +0 war axe
              (9 damage)
             ... on level 6 of the Dungeon.
             The game lasted 00:06:22 (7379 turns).

sanboga the Ruffian (Demonspawn Berserker)          Turns: 7379, Time: 00:06:22

Health: -2/64      AC:  8    Str: 25    XL:     8   Next: 63%
Magic:  0/8        EV: 12    Int: 10    God:    Trog [***...]
Gold:   303        SH:  0    Dex: 12    Spells: 7/7 levels left

rFire   . . .      SeeInvis .     - Unarmed
rCold   . . .      Faith    .   (no shield)
rNeg    . . .      Spirit   +   q - +1 scale mail
rPois   +          Reflect  .   (helmet restricted)
rElec   .          Harm     .   (no cloak)
rCorr   .          Rampage  .   (no gloves)
Will    .....                   (no boots)
Stlth   ..........              d - amulet of guardian spirit
HPRegen 0.20/turn               n - ring of poison resistance
MPRegen 0.11/turn               a - +6 ring of strength

@: on berserk cooldown
A: hooves 1, horns 1, demonic magic 2, weakness stinger 1
a: Renounce Religion, Berserk, Trog's Hand


You were on level 6 of the Dungeon.
You worshipped Trog.
Trog was most pleased with you.
You visited 1 branch of the dungeon, and saw 6 of its levels.

You collected 303 gold pieces.

Inventory:

Armour
 q - a +1 scale mail (worn)
Jewellery
 a - a +6 ring of strength (right hand)
 b - a ring of ice
 d - an amulet of guardian spirit (around neck)
 n - a ring of poison resistance (left hand)
Scrolls
 g - 2 scrolls of teleportation
 m - a scroll of silence
 p - 2 scrolls of blinking
Potions
 f - 2 potions of mutation {unknown}
 h - a potion of heal wounds
 j - 2 potions of might
 l - 2 potions of curing {unknown}
 r - a potion of cancellation {unknown}


   Skills:
 + Level 5.7 Fighting
 + Level 4.7 Armour
 + Level 4.7 Dodging
 * Level 6.9 Unarmed Combat


You had 7 spell levels left.
You didn't know any spells.
Your spell library was empty.

Dungeon Overview and Level Annotations

Branches:
Dungeon (6/15)             Temple (0/1) D:5

Altars:
Ashenzari
Kikubaaqudgha
Okawaru
Qazlal
Yredelemnul


Innate Abilities, Weirdness & Mutations

You have large cloven feet.
You have a pair of small horns on your head.
Spells you cast may paralyse nearby enemies.
You have a small tail.


Message History

You kill the black bear!
Trog accepts your kill.
No target in view!
You see here a black bear corpse.
Found 12 gold pieces.
You start resting.
An orc warrior comes into view. It is wielding a +0 war axe.
An orc warrior is nearby!
An orc warrior is nearby!
The orc warrior shouts!
An orc comes into view. It is wielding a +0 club.
Found a leather armour.
You feel yourself speed up.
An orc comes into view. It is wielding a +0 mace.
An orc comes into view.
It is wielding a +1 hand axe of flaming.
The orc shouts! x2
The orc warrior hits you with a +0 war axe!
You barely miss the orc warrior. Your kick misses the orc warrior.
The orc warrior hits you with a +0 war axe.
A black bear comes into view.
The black bear growls angrily.
You hit the orc warrior.
The orc warrior is moderately wounded.
The orc warrior closely misses you.
You hit the orc warrior but do no damage.
Your headbutt misses the orc warrior.
The orc warrior is moderately wounded.
You punch the orc warrior!
You kick the orc warrior, but do no damage.
You tail-slap the orc warrior.
The orc warrior is almost dead.
The orc warrior hits you with a +0 war axe!
* * * LOW HITPOINT WARNING * * *
You hit the orc warrior.
You kick the orc warrior, but do no damage.
The orc warrior is almost dead.
The orc hits you with a +0 club.
* * * LOW HITPOINT WARNING * * *
The orc warrior hits you with a +0 war axe!
You die...

.....>. ......
......P..P..... #..#..
...........#..###.....
#.............#......
#........#......#....
###........#...)))#.#..
##............##.)...#..
#[............##).#..#..
#.o@....†.....#.....
...h...o##.#...#........
.##......##....##.......
##.o.o........#.......
#...........###.#....
#.............####....
................ ......
.#................##...
#...


You could see an orc warrior, a black bear and 3 orcs.

Vanquished Creatures
  2 black bears
  An ice beast (D:6)
  3 ogres
  A centaur (D:6)
  A necrophage (D:4)
  2 bullfrogs (D:5)
  2 gnoll sergeants (D:6)
  2 scorpions (D:5)
  3 howler monkeys (D:5)
  A hound (D:6)
  A gnoll bouda (D:5)
  Jessica (D:3)
  4 iguanas
  4 adders
  16 gnolls
  An ufetubus (D:4)
  2 worms (D:2)
  2 dart slugs
  9 orcs
  4 bats
  10 endoplasms
  A giant cockroach (D:4)
  11 hobgoblins
  6 jackals
  6 kobolds
  5 quokkas
  5 ball pythons
  A frilled lizard (D:1)
  7 goblins
  5 rats
119 creatures vanquished.

Vanquished Creatures (others)
  15 plants (D:6)
15 creatures vanquished.

Grand Total: 134 creatures vanquished

Notes
Turn   | Place    | Note
-------+----------+-------------------------------------------
     0 | D:1      | sanboga the Demonspawn Berserker began the quest for the
                  | Orb.
     0 | D:1      | Reached XP level 1. HP: 18/18 MP: 1/1
    38 | D:1      | Found a faded altar of an unknown god.
   353 | D:1      | Discovered your monstrous ancestry.
   353 | D:1      | Gained mutation: You have a pair of small horns on your
                  | head. [demonic ancestry]
   353 | D:1      | Reached XP level 2. HP: 24/24 MP: 2/2
   356 | D:1      | Reached skill level 3 in Unarmed Combat
  1220 | D:2      | Reached XP level 3. HP: 22/29 MP: 3/3
  1353 | D:2      | Gained mutation: Spells you cast may paralyse adjacent
                  | enemies. [demonic ancestry]
  1353 | D:2      | Reached XP level 4. HP: 2/35 MP: 0/4
  1851 | D:2      | Reached ** piety under Trog
  2442 | D:3      | Gained mutation: You have a small tail. [demonic ancestry]
  2442 | D:3      | Reached XP level 5. HP: 13/42 MP: 1/5
  2712 | D:3      | Reached skill level 4 in Unarmed Combat
  3380 | D:3      | Found an iron altar of Okawaru.
  3380 | D:3      | Found an ancient bone altar of Kikubaaqudgha.
  3480 | D:3      | Noticed Jessica
  3486 | D:3      | Killed Jessica
  3796 | D:4      | Noticed an ogre
  3804 | D:4      | Killed an ogre
  3805 | D:4      | Gained mutation: You have large cloven feet. [demonic
                  | ancestry]
  3805 | D:4      | Reached XP level 6. HP: 20/48 MP: 2/6
  4598 | D:4      | Reached skill level 5 in Unarmed Combat
  4598 | D:4      | Gained mutation: Spells you cast may paralyse nearby
                  | enemies. [demonic ancestry]
  4598 | D:4      | Reached XP level 7. HP: 27/55 MP: 2/7
  5271 | D:5      | Entered Level 5 of the Dungeon
  5321 | D:5      | Found a staircase to the Ecumenical Temple.
  5352 | D:5      | Reached *** piety under Trog
  5986 | D:5      | Found a broken altar of Ashenzari.
  5987 | D:5      | Found a basalt altar of Yredelemnul.
  6051 | D:5      | Reached skill level 5 in Fighting
  6291 | D:5      | Reached skill level 6 in Unarmed Combat
  6291 | D:5      | Reached XP level 8. HP: 62/62 MP: 8/8
  6305 | D:5      | Found a stormy altar of Qazlal.
  7379 | D:6      | Slain by an orc warrior

Illustrated notes

Levels and vault maps discovered:
D:1:      grunt_arrival_crossed_arrows, layout_basic,
          ebering_ecumenical_altar_mist
D:2:      layout_loops_ring
D:3:      layout_basic, jmf_multi_god_temple, uniq_jessica
D:4:      layout_cave_pods
D:5:      layout_gridville, nicolae_qazlal_general_emergency,
          nicolae_overflow_squiral, minmay_temple_entry_purple_smoke
D:6:      layout_cave_pools, ebering_ghost_xom, nicolae_grassy_gnolls,
          uniq_sigmund

Skill      XL: |  1  2  3  4  5  6  7 |
---------------+----------------------+-----
Dodging        | 2 3 4 |  4.7
Armour         | 2 3 4 |  4.7
Unarmed Combat | 3 4 5 6 |  6.9
Fighting       | 4 5 |  5.7

Action                   |  1- 3 |  4- 6 |  7- 9 || total
-------------------------+-------+-------+-------++-------
Melee: Unarmed           |    72 |   185 |   120 ||   377
       Headbutt          |     7 |    30 |    19 ||    56
       Punch             |       |     7 |     5 ||    12
       Tailslap          |       |    14 |    18 ||    32
       Kick              |       |     9 |    34 ||    43
Invok: Berserk           |     4 |     3 |     3 ||    10
  Use: Scroll            |     1 |     7 |     6 ||    14
Armor: Animal skin       |    13 |    24 |       ||    37
       Scale mail        |       |       |    55 ||    55
Dodge: Dodged            |    49 |   132 |    60 ||   241
